cohdb
Replays
Latest Replays
All Replays
Popular Replays
Top Player Replays
Match Explorer
How It Works
Community
CoH3 Stats
Reddit
Sign in to upload your games and track your stats! →
Sign in with Steam
Match 45535606
Unlisted
Match 45535606
Overview
Messages
Build Orders
End
Construct Infanterie Kompanie
Grenadier Squad
MG 42 Machine Gun Team
Grenadier Squad
Grenadier Squad
Infanterie Officer Quarters
MG 42 Machine Gun Team
Construct Luftwaffe Kompanie
221 Scout Car
Jäger Squad
MG 42 Machine Gun Team
Selects Breakthrough Battlegroup
Selects Assault Grenadiers
Selects Breakthrough
Support Elements
Selects Mechanized Assault Group
Selects Rapid Production
Wirbelwind Flakpanzer
Flak 30 Anti-aircraft Gun Team
Luftwaffe Officer Quarters
Mechanized Assault Group
Marder III M Tank Destroyer
Selects Blitzkrieg
Medical Bunker
Marder III M Tank Destroyer
Jäger Squad
Breakthrough
Marder III M Tank Destroyer
Blitzkrieg
Selects Tiger Heavy Tank
Breakthrough
Tiger Heavy Tank
Pioneer Squad
Pioneer Squad
Breakthrough
Marder III M Tank Destroyer
MadMax
Commander Z
0
0
Comments
sign in to comment!
No comments posted yet!